 Dungeon Crawl Stone Soup version 0.30.1-11-g7821555f0a (webtiles) character file.

Game seed: 9947199178737473749

39 monsoonserge the Gusty (level 3, -8/19 HPs)
             Began as a Tengu Air Elementalist on Oct 28, 2023.
             Killed from afar by Terence (10 damage)
             ... with a puff of flame
             ... on level 2 of the Dungeon.
             The game lasted 00:03:46 (1802 turns).

monsoonserge the Gusty (Tengu Air Elementalist)     Turns: 1802, Time: 00:03:46

Health: -8/19      AC:  2    Str:  8    XL:     3   Next: 47%
Magic:  0/7        EV: 12    Int: 17    God:
Gold:   22         SH:  0    Dex: 14    Spells: 6/7 levels left

rFire   . . .        e - +0 short sword
rCold   + . .        (no shield)
rNeg    . . .        a - +0 robe
rPois   .            (helmet restricted)
rElec   .            (no cloak)
rCorr   .            (no gloves)
SInv    .            (boots unavailable)
Will    .....        (no amulet)
Stlth   ++           i - ring of protection from cold
HPRegen 0.23/turn    (no ring)
MPRegen 0.10/turn

%: no passive effects
@: no status effects
A: beak, talons 3
a: no special abilities


You were on level 2 of the Dungeon.
You visited 1 branch of the dungeon, and saw 2 of its levels.

You collected 22 gold pieces.

Inventory:

Hand Weapons
 e - a +0 short sword (weapon)
Armour
 a - a +0 robe (worn)
Jewellery
 i - a ring of protection from cold (left hand)
Scrolls
 f - a scroll of fear {unknown}
 g - a scroll of blinking {unknown}
Potions
 b - a potion of magic
 c - 2 potions of degeneration {unknown}
 d - 2 potions of lignification {unknown}
 h - a potion of heal wounds {unknown}
 j - a potion of flight {unknown}


   Skills:
 + Level 2.3 Dodging
 + Level 2.1 Stealth
 + Level 2.5 Spellcasting
 + Level 2.2 Conjurations
 + Level 4.7 Air Magic


You had 6 spell levels left.
You knew the following spells:

 Your Spells              Type           Power      Damage    Failure   Level
a - Shock                 Conj/Air       56%        1d6       4%          1

Your spell library contained the following spells:

 Spells                   Type           Power      Damage    Failure   Level
 Static Discharge         Conj/Air       28%        2-4/arc   7%          2
 Swiftness                Air            18%        N/A       8%          3
 Airstrike                Air            9%         2d(2-18)  26%         4


Dungeon Overview and Level Annotations

Branches:
Dungeon (2/15)

Altars:

Annotations:
D:2 Terence


Innate Abilities, Weirdness & Mutations

You have a beak for a mouth.
You have claws for feet.


Message History

Press: ? - help, Shift-Dir - straight line The zap hits Terence.
Terence is heavily wounded.
Terence hits you with a +0 hand axe.
Unknown command.
Casting: Shock (safe; 4% risk of failure)
Confirm with . or Enter, or press ? or * to list all spells.
Aiming: Shock (safe; 4% risk of failure)
Press: ? - help, Shift-Dir - straight line The zap hits Terence but does no damage.
Terence is heavily wounded.
Terence closely misses you.
You barely miss Terence.
Terence is heavily wounded.
Terence misses you.
Casting: Shock (safe; 4% risk of failure)
Confirm with . or Enter, or press ? or * to list all spells.
Aiming: Shock (safe; 4% risk of failure)
Press: ? - help, Shift-Dir - straight line The zap hits Terence.
Terence is heavily wounded.
Terence barely misses you.
Unknown command.
You hit Terence. You claw Terence, but do no damage. Your peck misses Terence.
Terence is severely wounded.
Terence barely misses you.
You hit Terence. You claw Terence, but do no damage.
Terence is severely wounded.
Terence screams, "I'm going to kill you!"
Terence closely misses you.
You closely miss Terence. You claw Terence, but do no damage.
Terence is severely wounded.
Terence hits you with a +0 hand axe!
* * * LOW HITPOINT WARNING * * *
Your magical contamination has completely faded away.
You hit Terence but do no damage.
Terence is severely wounded.
Terence zaps a wand.
The puff of flame hits you!
Ouch! That really hurt!
You die...

#####...###..
####..).........
#......#....##.#
...####.#....#..#
###....#....#.##
##...#..###..#.##
##....#.##....#...
#....##.##.##.####
##@..##..##.##.....
#.@.## .###.#######
#.### .# #........
#.....# #########
...#### ##### ###


You could see Terence.

Vanquished Creatures
  8 endoplasms
  A giant cockroach (D:1)
  4 goblins
  3 hobgoblins (D:1)
  3 jackals (D:1)
  2 quokkas
  A ball python (D:1)
  3 bats (D:1)
  5 kobolds
  4 rats
34 creatures vanquished.

Notes
Turn   | Place    | Note
-------+----------+-------------------------------------------
     0 | D:1      | monsoonserge the Tengu Air Elementalist began the quest for
                  | the Orb.
     0 | D:1      | Reached XP level 1. HP: 10/10 MP: 4/4
   219 | D:1      | Reached XP level 2. HP: 15/15 MP: 1/6
   933 | D:1      | Reached XP level 3. HP: 19/19 MP: 3/7
  1787 | D:2      | Noticed Terence
  1802 | D:2      | Killed from afar by Terence

Illustrated notes

Levels and vault maps discovered:
D:1:      psy_arrival_radial01, layout_basic
D:2:      minmay_evil_eye, layout_basic, serial_shops,
          nicolae_shop_rolling_square, grunt_ministairs_9, minmay_distorted,
          uniq_sigmund, uniq_terence, uniq_robin

Skill      XL: |  1  2  3 |
---------------+----------+-----
Conjurations   | 2 |  2.2
Dodging        | |  2.3
Stealth        | |  2.1
Spellcasting   | |  2.5
Air Magic      | |  4.7

Action                     || total
---------------------------++-------
  Melee: Club              ||     9
         Kick              ||     5
         Short sword       ||     5
   Cast: Shock             ||    78
 Armour: Robe              ||     1
  Dodge: Dodged            ||    24
